 Dungeon Crawl Stone Soup version 0.17.2-1-ge4368a0 (webtiles) character file.

79 ololoev the Skirmisher (level 4, -5/35 HPs)
             Began as a Demonspawn Fighter on Oct 26, 2016.
             Killed from afar by an orc wizard (6 damage)
             ... with a magic dart
             ... on level 5 of the Dungeon.
             The game lasted 00:03:12 (484 turns).

ololoev the Skirmisher (Demonspawn Fighter)          Turns: 484, Time: 00:03:13

Health: -5/35      AC:  9    Str: 17    XL:     4   Next: 17%
Magic:  4/4        EV:  7    Int:  9    God:
Gold:   157        SH:  9    Dex: 13    Spells: 0 memorised, 3 levels left

rFire  . . .     SeeInvis .     a - +0 war axe
rCold  + . .     Clarity  .     b - +0 scale mail
rNeg   . . .     SustAt   .     c - +0 shield
rPois  .         Gourm    .     d - +0 helmet
rElec  .         Spirit   .     (no cloak)
rCorr  .         Warding  .     j - +0 pair of gloves (curse)
rMut   .         Stasis   .     (no boots)
MR     .....                    (no amulet)
Stlth  ..........               (no ring)
                                h - ring of wizardry

@: not resistant to hostile enchantments, extremely unstealthy
A: claws 1, cold resistance 1, demonic guardian 1
a: no special abilities


Innate Abilities, Weirdness & Mutations

You have sharp fingernails.
Your flesh is cold resistant.
A weak demonic guardian rushes to your aid.

Inventory:

Hand Weapons
 a - a +0 war axe (weapon)
Armour
 b - a +0 scale mail (worn)
 c - a +0 shield (worn)
 d - a +0 helmet (worn)
 j - a cursed +0 pair of gloves (worn)
Jewellery
 h - a ring of wizardry (left hand)
Scrolls
 f - a scroll of teleportation {unknown}
Comestibles
 e - 2 bread rations
 g - 2 fruits
 i - a slice of pizza


   Skills:
 + Level 3.5 Fighting
 + Level 2.5 Axes
 + Level 3.3 Armour
 + Level 3.1 Shields


You had 3 spell levels left.
You didn't know any spells.


You were on level 5 of the Dungeon.
You were not hungry.

You visited 1 branch of the dungeon, and saw 5 of its levels.

You collected 157 gold pieces.

#...<.....# #.........# #..
#.........# #.. #.........# #..
#.........# #.#
##################..#
#.####....5oooo... #..#
#.##8..8..8oo8o... #..# ....
#.#......(@ooo.o.. #..# .....
#[(....(.oooo.o... #..# .....
#.#........oooo... #..# .....
#.##8..8..8..8.... #..#
.....##.####............ #..#
#.....#.#####################..#
.....................#....†....#
........#########....#.........#
........#8#8#8#8#....#.........#

Notes
Turn   | Place    | Note
--------------------------------------------------------------
     0 | D:1      | ololoev the Demonspawn Fighter began the quest for the Orb.
     0 | D:1      | Reached XP level 1. HP: 18/18 MP: 1/1
    40 | D:1      | Gained mutation: Your flesh is cold resistant. [demonic ancestry]
    40 | D:1      | Reached XP level 2. HP: 24/24 MP: 2/2
   143 | D:2      | Gained mutation: You have sharp fingernails. [demonic ancestry]
   143 | D:2      | Reached XP level 3. HP: 20/29 MP: 3/3
   215 | D:3      | Found a shattered altar of Ashenzari.
   378 | D:5      | Entered Level 5 of the Dungeon
   441 | D:5      | Found a runed door.
   453 | D:5      | Gained mutation: A weak demonic guardian rushes to your aid. [demonic ancestry]
   453 | D:5      | Reached XP level 4. HP: 21/35 MP: 4/4
   478 | D:5      | Noticed an orc warrior
   479 | D:5      | Noticed an orc warrior
   480 | D:5      | Noticed an orc warrior
   484 | D:5      | HP: 1/35 [orc/dagger (2)]
   484 | D:5      | Killed from afar by an orc wizard

Dungeon Overview and Level Annotations

Branches:
Dungeon (5/15)
 Temple: D:4-7

Altars:
Ashenzari


Message History

Unknown command.
An orc priest comes into view. It is wielding a flail.
You block the orc's attack.
You are too injured to fight recklessly!
Unknown command.
You are too injured to fight recklessly!
Unknown command.
You are too injured to fight recklessly!
You hit the orc but do no damage. You barely miss the orc.
The orc closely misses you.
The orc wizard casts a spell.
The orc wizard flickers and vanishes!
Deactivating autopickup; reactivate with Ctrl-A.
The orc hits you with a morningstar.
Your iron imp hits the orc.
The orc dies!
Unknown command.
You hit the orc warrior.
The orc warrior is lightly wounded.
You barely miss the orc wizard. You hit the orc wizard.
The orc wizard is lightly wounded.
You closely miss the orc.
You hit the orc warrior but do no damage.
You block the orc's attack.
The orc wizard hits you but does no damage.
The orc warrior hits you with a flail of protection.
The orc priest miscasts a cantrip.
Unknown command.
You barely miss the orc warrior.
The orc warrior is lightly wounded.
You hit the orc warrior but do no damage.
You hit the orc.
The orc is heavily wounded.
You barely miss the orc wizard.
The orc wizard is lightly wounded.
You barely miss the orc wizard.
The orc wizard hits you with a dagger of venom.
You block the orc warrior's attack. The orc hits you with a dagger.
The orc wizard gestures at you while chanting.
The magic dart hits you!
You die...

You could see 3 orc warriors, an orc priest, 2 orc wizards, 14 orcs and a friendly iron imp.

Vanquished Creatures
  A hound zombie (D:5)
  3 adders
  A gnoll (D:1)
  An adder zombie (D:5)
  3 orcs (D:5)
  2 bats
  A giant cockroach (D:1)
  3 goblins
  2 hobgoblins
  3 kobolds
  A giant gecko zombie (D:5)
  A giant newt (D:3)
  A quokka (D:5)
  A rat (D:3)
24 creatures vanquished.

Vanquished Creatures (collateral kills)
  An orc (D:5)
1 creature vanquished.

Grand Total: 25 creatures vanquished

Action                   |  1- 3 |  4- 6 || total
-------------------------+-------+-------++-------
Melee: War axe           |    81 |    19 ||   100
  Use: Potion            |     1 |       ||     1
       Scroll            |     3 |       ||     3

Vault maps used:
D:1:      shiori_arrival_oz
D:2:      first_bread, minmay_ruptured
D:3:      evilmike_ruin_ashenzari, makhleb_heckhound_becter, ecumenical_altar_1
D:4:      nicolae_ru_sacrificial_ziggurat, lemuel_crystal_altar,
          nicolae_tso_besieged_by_evil, serial_shops,
          nicolae_shop_overgrown_old_shop, shop, shop, shop_fountains,
          uniq_blork_the_orc
D:5:      nicolae_overflow_crystal_walls, serial_undead, serial_undead_e,
          serial_undead_e, serial_undead_a, serial_undead_a, serial_undead_a,
          minmay_misc_feat_hallway, lightli_church_of_beogh
